 Dungeon Crawl Stone Soup version 0.19-a0-1704-gbd66c22 (webtiles) character file.

65 Amnesiac the Digger (level 4, -11/30 HPs)
             Began as a Formicid Earth Elementalist on Sept 27, 2016.
             Killed by divine providence
             ... invoked by an orc priest
              (13 damage)
             ... on level 5 of the Dungeon.
             The game lasted 00:03:59 (1381 turns).

Amnesiac the Digger (Formicid Earth Elementalist)   Turns: 1381, Time: 00:04:00

Health: -11/30     AC:  3    Str: 12    XL:     4   Next: 34%
Magic:  0/8        EV: 12    Int: 15    God:
Gold:   61         SH:  0    Dex: 12    Spells: 3 memorised, 2 levels left

rFire  . . .     SeeInvis +     b - 30 stones
rCold  . . .     Gourm    .     c - +0 robe
rNeg   . . .     Faith    .     (no shield)
rPois  .         Spirit   .     (helmet unavailable)
rElec  .         Dismiss  .     (no cloak)
rCorr  .         Reflect  .     (no gloves)
MR     .....     Harm     .     (no boots)
Stlth  +.........               p - amulet of inaccuracy (curse)
                                k - ring of loudness (curse)
                                a - ring of flight

@: no status effects
A: permanent stasis, dig shafts and tunnels, four strong arms, antennae 3
a: Dig, Shaft Self, Evoke Flight


You were on level 5 of the Dungeon.
You were not hungry.

You visited 1 branch of the dungeon, and saw 5 of its levels.

You collected 61 gold pieces.

Inventory:

Missiles
 b - 30 stones (in hand)
Armour
 c - a +0 robe (worn)
Jewellery
 a - a ring of flight (left hand)
 k - a cursed ring of loudness (right hand)
 p - a cursed amulet of inaccuracy (around neck)
Potions
 f - a potion of haste
Books
 e - a book of Geomancy

   Spells                             Type                      Level
   a - Sandblast                      Earth                        1
   b - Passwall                       Transmutation/Earth          2
   c - Stone Arrow                    Conjuration/Earth            3
   d - Petrify                        Transmutation/Earth          4
   e - Lee's Rapid Deconstruction     Earth                        5
Comestibles
 d - a bread ration
 j - 3 meat rations
 l - a royal jelly
 n - 3 chunks of flesh


   Skills:
 - Level 1.7 Dodging
 - Level 2.4 Stealth
 - Level 3.0 Spellcasting
 + Level 3.1 Transmutations
 - Level 4.1 Earth Magic


You had 2 spell levels left.
You knew the following spells:

 Your Spells              Type           Power        Failure   Level  Hunger
e - Petrify               Tmut/Erth      ##......     54%         4    #####..
f - Sandblast             Erth           ##....       4%          1    #......
v - Passwall              Tmut/Erth      ##........   10%         2    ##.....


Dungeon Overview and Level Annotations

Branches:
Dungeon (5/15)
 Temple: D:4-7

Altars:


Innate Abilities, Weirdness & Mutations

You are under a permanent stasis effect.
You can dig through walls and to a lower floor.
Your four strong arms can wield two-handed weapons with a shield.
You have a pair of large antennae on your head. (SInv)


Message History

You hit the orc priest but do no damage.
The orc priest invokes the aid of Beogh against you.
Beogh smites you!
* * * LOW HITPOINT WARNING * * *
Wield which item (- for none, * to show all)? (? for menu, Esc to quit)
b - 31 stones (in hand)
Casting: Sandblast
Confirm with . or Enter, or press ? or * to list all spells.
Aiming: Sandblast
Press: ? - help, Shift-Dir - straight line, f/p - orc priest
Aim: an orc priest, wielding a short sword and wearing a leather armour The rocky blast misses the orc priest.
The orc priest hits you with a short sword.
* * * LOW HITPOINT WARNING * * *
Unknown command.
The orc priest miscasts a cantrip.
The orc priest looks braver for a moment.
The orc priest calls down the wrath of Beogh upon you.
Beogh smites you!
You die...

##...............
#####.......#########
....+.......'.......
...##.......############
...##..................#
...##..................+ #
.......................#.#####
+####.......##.#....o..)......
#.......##.#@#######.#####
#.......##.#.# #
#.......##.#.# ##########.#.#
#.#.# #.#.# #.#.# #..


You could see an orc priest.

Vanquished Creatures
  3 adders
  An ooze (D:1)
  A worm (D:2)
  A dart slug (D:2)
  A leopard gecko (D:3)
  3 orcs (D:5)
  A giant cockroach (D:1)
  3 hobgoblins
  3 jackals (D:2)
  A ball python (D:1)
  3 bats (D:1)
  A frilled lizard (D:1)
  A goblin (D:2)
  2 rats (D:2)
25 creatures vanquished.

Notes
Turn   | Place    | Note
-------+----------+-------------------------------------------
     0 | D:1      | Amnesiac the Formicid Earth Elementalist began the quest for the Orb.
     0 | D:1      | Reached XP level 1. HP: 13/13 MP: 3/3
   267 | D:1      | Reached skill level 4 in Earth Magic
   285 | D:1      | Reached XP level 2. HP: 19/19 MP: 0/5
   341 | D:1      | Learned a level 2 spell: Passwall
   789 | D:2      | Reached XP level 3. HP: 23/24 MP: 1/7
   803 | D:2      | Found a faded altar of an unknown god.
  1092 | D:3      | Reached XP level 4. HP: 30/30 MP: 3/8
  1098 | D:3      | Learned a level 4 spell: Petrify
  1237 | D:5      | Entered Level 5 of the Dungeon
  1381 | D:5      | Killed from afar by an orc priest

Vault maps used:
D:1:      ncdulo_watergridlock
D:2:      first_bread, ecumenical_altar_2
D:3:      kennysheep_cluttered_room, grunt_ministairs_2
D:5:      serial_bayou_ford_a, st_stairs_6, uniq_grinder

Skill      XL: |  1  2  3  4 |
---------------+-------------+-----
Earth Magic    | 4 |  4.1
Spellcasting   | 3 |  3.0
Transmutations | 2 3 |  3.1
Dodging        | |  1.7
Stealth        | |  2.4

Action                   |  1- 3 |  4- 6 || total
-------------------------+-------+-------++-------
Melee: Unarmed           |    16 |     6 ||    22
 Cast: Sandblast         |    49 |    18 ||    67
  Use: Scroll            |       |     4 ||     4
       Potion            |       |     3 ||     3
  Eat: Chunk             |     1 |     1 ||     2
Armor: Robe              |     5 |     2 ||     7
Dodge: Dodged            |    22 |     5 ||    27
